 Dungeon Crawl Stone Soup version 0.30-a0-272-gf98c3da03f (webtiles) character file.

Game seed: 10622469041695104810

71 brknglss the Digger (level 4, 0/28 HPs)
             Began as an Octopode Earth Elementalist on Oct 15, 2022.
             Slain by a gnoll
             ... wielding a +0 whip
              (10 damage)
             ... on level 1 of the Dungeon.
             The game lasted 00:03:20 (1459 turns).

brknglss the Digger (Octopode Earth Elementalist)   Turns: 1459, Time: 00:03:20

Health: 0/28       AC:  1    Str:  7    XL:     4   Next: 24%
Magic:  1/7        EV: 13    Int: 19    God:
Gold:   67         SH:  0    Dex: 12    Spells: 4/8 levels left

rFire   . . .      SeeInvis .    d - +0 dagger
rCold   . . .      Faith    .    (no shield)
rNeg    . . .      Spirit   .    (helmet restricted)
rPois   .          Reflect  .    i - amulet of regeneration
rElec   .          Harm     .    (no ring)
rCorr   .          Rampage  .    (no ring)
Will    .....                    (no ring)
Stlth   +++.......               (no ring)
HPRegen 1.04/turn                (no ring)
MPRegen 0.10/turn                (no ring)
                                 (no ring)
                                 (no ring)

@: no status effects
A: almost no armour, amphibious, 8 rings, camouflage 1, gelatinous body 1,
(nimble swimmer 1), tentacles
a: no special abilities


You were on level 1 of the Dungeon.
You visited 1 branch of the dungeon, and saw 2 of its levels.

You collected 67 gold pieces.

Inventory:

Hand Weapons
 d - a +0 dagger (weapon)
Missiles
 k - 6 poisoned darts
 l - 5 atropa-tipped darts
Jewellery
 i - an amulet of regeneration (around mantle)
Scrolls
 b - a scroll of enchant armour {unknown}
 c - a scroll of amnesia {unknown}
 e - a scroll of identify {unknown}
 f - a scroll of immolation {unknown}
 g - a scroll of butterflies {unknown}
 h - a scroll of silence {unknown}
Potions
 a - a potion of magic
 j - a potion of curing {unknown}


   Skills:
 + Level 1.4 Fighting
 + Level 2.6 Dodging
 - Level 2.6 Stealth
 + Level 2.5 Spellcasting
 - Level 1.0 Transmutations
 * Level 3.8 Earth Magic


You had 4 spell levels left.
You knew the following spells:

 Your Spells              Type           Power      Damage    Failure   Level
a - Sandblast             Erth           34%        2d9       3%          1
b - Stone Arrow           Conj/Erth      18%        3d8       22%         3

Your spell library contained the following spells:

 Spells                   Type           Power      Damage    Failure   Level
 Passwall                 Tmut/Erth      9%         N/A       9%          2
 Petrify                  Tmut/Erth      11%        N/A       52%         4


Dungeon Overview and Level Annotations

Branches:
Dungeon (2/15)

Altars:

Annotations:
D:2 Terence


Innate Abilities, Weirdness & Mutations

You cannot wear most types of armour.
You are amphibious.
You can wear up to eight rings at the same time.
Your skin changes colour to match your surroundings (Stealth+).
Your rubbery body absorbs attacks. (AC +1, EV +1)
((You are camouflaged when in or above water. (Stealth+)))
You have tentacles for arms and can constrict up to eight enemies at once.


Message History

a +0 flail; a +0 club; a gnoll corpse The gnoll completely misses you.
There is a stone staircase leading up here.
Terence shouts, "ATTACK!!!"
The gnoll misses you. The gnoll barely misses you.
You climb upwards.
There is a stone staircase leading down here.
You barely miss the gnoll. You grab the gnoll.
You squeeze the gnoll, but do no damage.
The gnoll is severely wounded.
You constrict the gnoll, but do no damage.
The gnoll hits you with a +0 whip. The gnoll hits you with a +0 whip!
You hit the gnoll.
The gnoll is almost dead.
You constrict the gnoll. The gnoll barely misses you.
The gnoll hits you with a +0 whip.
Casting: Sandblast (safe; 3% risk of failure)
Confirm with . or Enter, or press ? or * to list all spells.
Aiming: Sandblast (safe; 3% risk of failure)
Press: ? - help, Shift-Dir - straight line, f - gnoll
Aim: a gnoll, wielding a +0 whip (almost dead, constricted by you, 100% to hit)
The blast of sand hits the gnoll!
You kill the gnoll!
The gnoll hits you with a +0 whip.
* * * LOW HITPOINT WARNING * * *
The gnoll barely misses you. The gnoll hits you with a +0 whip.
* * * LOW HITPOINT WARNING * * *
You see here a +0 whip.
Casting: Sandblast (safe; 3% risk of failure)
Confirm with . or Enter, or press ? or * to list all spells.
Aiming: Sandblast (safe; 3% risk of failure)
Press: ? - help, Shift-Dir - straight line, f - gnoll
Aim: a gnoll, wielding a +0 whip (84% to hit)
The blast of sand hits the gnoll.
The gnoll is moderately wounded.
The gnoll hits you with a +0 whip.
* * * LOW HITPOINT WARNING * * *
The gnoll attacks as you move away! The gnoll hits you with a +0 whip!
You die...

##.........#
#....####.# #.#
#..........#
#.##.##...# #.#
#.........##
#.##.##.#####.#
#.........#
#.##..........#
##.....##.#
#.##.##.#######
##..))##.#####.......#
###...........#####.#
##### ###.##.......#
#.# ....#
#>)......g@..# #.#
###.# #.#.########.#
#.# #.# #.#.#
#.#####.# #.# #.#.#
#.......# #.###.#.#
######### #.....#.#
#########.#
..........#
###########


You could see a gnoll.

Vanquished Creatures
  3 gnolls
  A dart slug (D:1)
  4 ball pythons (D:2)
  2 endoplasms (D:1)
  A giant cockroach (D:1)
  10 goblins
  A hobgoblin (D:1)
  4 kobolds
  5 quokkas
  2 bats
  3 frilled lizards
  4 rats (D:1)
40 creatures vanquished.

Notes
Turn   | Place    | Note
-------+----------+-------------------------------------------
     0 | D:1      | brknglss the Octopode Earth Elementalist began the quest
                  | for the Orb.
     0 | D:1      | Reached XP level 1. HP: 11/11 MP: 3/3
   304 | D:1      | Reached XP level 2. HP: 14/18 MP: 5/5
   908 | D:1      | Reached XP level 3. HP: 19/22 MP: 2/6
  1118 | D:2      | Reached skill level 1 in Fighting
  1248 | D:2      | Noticed Terence
  1331 | D:2      | Learned a level 3 spell: Stone Arrow
  1436 | D:2      | Reached XP level 4. HP: 21/28 MP: 3/7
  1459 | D:1      | Slain by a gnoll

Illustrated notes

Levels and vault maps discovered:
D:1:      wander_arrival_desolate, layout_loops_ring, minivault_14
D:2:      layout_rooms, minmay_box_of_dots, uniq_terence

Skill      XL: |  1  2  3 |
---------------+----------+-----
Fighting       | 1 |  1.4
Dodging        | |  2.6
Stealth        | |  2.6
Spellcasting   | |  2.5
Transmutations | |  1.0
Earth Magic    | |  3.8

Action                   |  1- 3 |  4- 6 || total
-------------------------+-------+-------++-------
Melee: Dagger            |    46 |     2 ||    48
       Tentacles         |    10 |     1 ||    11
       Constrict         |    10 |     1 ||    11
       Punch             |     1 |       ||     1
 Cast: Sandblast         |    26 |     5 ||    31
 Stab: Sleeping          |    11 |       ||    11
Armor: Skin              |     5 |       ||     5
Dodge: Dodged            |    39 |     9 ||    48

Table legend: (Time is in decaauts)
 A = Elapsed time spent in this place.
 B = Non-inter-level travel time spent in this place.
 C = Inter-level travel time spent in this place.
 D = Time resting spent in this place.
 E = Time spent auto-exploring this place.
 F = Levels seen in this place.
 G = Mean time per level.
                   A        B        C        D        E       F      G
               +--------+--------+--------+--------+--------+-----+--------+
         Total |   1474 |   1437 |     37 |    511 |    542 |   2 |  737.0 |
       Dungeon |   1474 |   1437 |     37 |    511 |    542 |   2 |  737.0 |
               +--------+--------+--------+--------+--------+-----+--------+

Top non-repeatable levels by time:
     D:1: 1135 daAuts
     D:2: 339 daAuts
